Capitals vs Maple Leafs (R1)

Created - November 2, 2019 at 23:24

Goals
1 2 3 OT1 SO T
Capitals 0 2 0 0 0 2
Maple Leafs 0 1 1 0 1 3
Shots
1 2 3 OT1 SO T
Capitals 16 10 8 0 6 34
Maple Leafs 6 11 9 1 6 27

1st period

No Goal

Penalties :
Joe Thornton (Was) for High sticking (Minor) at 9:47, Joe Thornton (Was) for Interference (Minor) at 13:27

2nd period

1. Capitals , Joe Thornton 4 (Joe Pavelski 1, Patrick Sharp 4) at 9:21
2. Maple Leafs , Patrick Kane 8 (Jordan Staal 4, Taylor Hall 8) at 11:40
3. Capitals , Joe Thornton 5 (Patrick Sharp 5, Joe Pavelski 2) at 13:43 (PP)

Penalties :
Ryan Getzlaf (Was) for Interference (Minor) at 2:13, Taylor Hall (Tor) for Roughing (Double Minor) at 12:36

3rd period

4. Maple Leafs , Kevin Shattenkirk 2 (Eric Nystrom 3, Ben Smith 3) at 8:39 (PP)

Penalties :
Ben Smith (Tor) for Holding (Minor) at 0:20, Ben Smith (Tor) for Tripping (Minor) at 5:00, Jason Pominville (Was) for Interference (Minor) at 5:30, Josh Manson (Was) for Cross-checking (Minor) at 8:05, Beau Bennett (Tor) for Hooking (Minor) at 9:56, Braydon Coburn (Tor) for Hooking (Minor) at 11:26

Overtime #1

No Goal

Penalties :
No Penalty

Shootout

Capitals, Joe Thornton - Stopped by Marc-André Fleury
Maple Leafs, Patrick Kane - Stopped by Tuukka Rask
Capitals, Joe Pavelski - Stopped by Marc-André Fleury
Maple Leafs, Mark Scheifele - Stopped by Tuukka Rask
Capitals, Jason Pominville - Stopped by Marc-André Fleury
Maple Leafs, Taylor Hall - Shot Misses the Net
Capitals, Patrick Sharp - Stopped by Marc-André Fleury
Maple Leafs, Jordan Staal - Stopped by Tuukka Rask
Capitals, Mikko Koivu - Shot Misses the Net
Maple Leafs, Fabian Brunnstrom - Stopped by Tuukka Rask
Capitals, Patrick Marleau - Stopped by Marc-André Fleury
Maple Leafs, Blake Comeau - Goal!

Penalties :
No Penalty

Goalie Stats

Tuukka Rask (Was), 25 saves from 27 shots - (0.926), OTL, 2-1-1, 65:00 minutes
Marc-André Fleury (Tor), 32 saves from 34 shots - (0.941), W, 3-3-0, 65:00 minutes

Players Stats for Capitals

Player Name              G  A  P  +/- PIM S  H  SB GA TA FO     MP     PP MP  PK MP  
------------------------------------------------------------------------------------
Blake Wheeler            0  0  0   0  0   2  2  1  1  0  2/2    15:16   1:55   0:00 
Brent Seabrook           0  0  0  -1  0   1  2  0  0  1  0/0    31:09   5:20   3:40 
Jason Pominville         0  0  0   0  2   2  2  0  0  0  0/0    18:41   3:44   1:34 
Joe Pavelski             0  2  2   0  0   5  3  0  0  0  0/2    25:57   5:06   3:46 
Joe Thornton             2  0  2   0  4   8  2  1  1  1  11/27  23:51   5:06   1:56 
Josh Manson              0  0  0   1  2   0  4  0  0  0  0/0    11:25   0:00   0:18 
Justin Faulk             0  0  0   0  0   1  1  1  0  2  0/0    22:25   3:44   3:03 
Mikko Koivu              0  0  0   0  0   1  1  0  0  0  2/6    10:48   0:50   0:18 
Olli Maatta              0  0  0   1  0   0  0  0  0  0  0/0    11:26   0:00   0:18 
Ondrej Palat             0  0  0   0  0   1  4  0  1  0  0/0     9:27   0:00   1:19 
Patrick Marleau          0  0  0   0  0   2  0  1  0  0  2/3    12:16   0:00   2:01 
Patrick Sharp            0  2  2   0  0   3  1  0  1  0  1/1    23:28   5:06   1:43 
Ryan Getzlaf             0  0  0   0  2   2  0  0  0  0  8/18   15:55   3:45   0:00 
Ryan Nugent-Hopkins      0  0  0   0  0   0  2  0  1  0  2/3     8:38   0:00   1:25 
Shayne Gostisbehere      0  0  0   0  0   0  0  0  0  0  0/0    22:25   3:44   3:03 
T.J. Oshie               0  0  0   0  0   2  0  0  0  0  0/0     7:26   0:13   0:00 
Thomas Vanek             0  0  0   0  0   3  0  0  0  0  1/1     9:43   1:26   0:00 
Victor Hedman            0  0  0  -1  0   1  1  4  3  2  0/0    31:09   5:20   3:40 

Players Stats for Maple Leafs

Player Name              G  A  P  +/- PIM S  H  SB GA TA FO     MP     PP MP  PK MP  
------------------------------------------------------------------------------------
Alex Killorn             0  0  0  -1  0   1  1  0  0  0  1/1    10:25   0:00   0:00 
Beau Bennett             0  0  0  -1  2   1  2  1  0  0  0/0    10:41   0:00   0:17 
Ben Smith                0  1  1   0  4   2  0  0  0  0  0/1    17:42   3:13   2:14 
Blake Comeau             0  0  0   0  0   0  0  0  0  1  1/1     6:46   0:04   0:00 
Brayden Schenn           0  0  0   0  0   2  1  0  1  0  10/18  21:15   3:13   5:29 
Braydon Coburn           0  0  0   0  2   1  0  2  0  1  0/0    21:36   0:14   4:34 
Eric Nystrom             0  1  1   0  0   0  2  0  0  0  0/1    16:57   3:08   5:34 
Fabian Brunnstrom        0  0  0   0  0   1  3  0  0  0  0/1    16:19   3:44   1:06 
John Klingberg           0  0  0   0  0   1  1  1  1  0  0/0    25:36   3:36   0:41 
Jordan Staal             0  1  1   1  0   2  0  1  0  0  19/29  23:27   3:44   2:26 
Kevin Shattenkirk        1  0  1   0  0   3  1  2  3  2  0/0    29:01   3:50   3:21 
Marc-Édouard Vlasic      0  0  0   0  0   0  0  0  0  2  0/0    17:43   3:11   0:41 
Mark Scheifele           0  0  0  -1  0   1  2  0  0  0  1/5    13:37   0:09   0:33 
Nate Thompson            0  0  0   0  0   0  0  0  0  0  2/3     6:25   0:00   0:00 
Patrick Kane             1  0  1   1  0   4  0  0  1  0  0/1    20:43   3:44   0:00 
Ryan Parent              0  0  0   0  0   1  1  1  0  0  0/0    17:36   3:11   3:19 
Taylor Chorney           0  0  0   0  0   1  1  1  0  2  0/0    18:45   0:00   5:31 
Taylor Hall              0  1  1   1  4   6  0  0  0  0  0/2    14:19   0:04   0:00 

3 Stars

1 - Marc-André Fleury (Tor)
2 - Joe Thornton (Was)
3 - Patrick Kane (Tor)

Power Play

Capitals - 1 on 6 Attempt(s) - 16.67%
Maple Leafs - 1 on 5 Attempt(s) - 20.00%

Penalty Kill

Capitals - 4 on 5 Attempt(s) - 80.00% - Score 0 goal in Penalty Kill
Maple Leafs - 5 on 6 Attempt(s) - 83.33% - Score 0 goal in Penalty Kill

Team Stat

Capitals - Hits : 25 - Faceoff Wins : 29 - Blocked Shots : 8 - Penalty Minutes : 10
Maple Leafs - Hits : 15 - Faceoff Wins : 34 - Blocked Shots : 9 - Penalty Minutes : 12

Official

Referees : Unknown
Linesman : Unknown

Game Notes

Thomas Vanek is injured at 1:18 of 3rd period (Lacerated Right Calf)

Finance

Level 1 -- Attendance: 4883 (81.38%) -- Ticket Income $537,130
Level 2 -- Attendance: 4240 (84.80%) -- Ticket Income $296,800
Level 3 -- Attendance: 1447 (72.35%) -- Ticket Income $66,562
Level 4 -- Attendance: 3596 (89.90%) -- Ticket Income $107,880
Luxury Box -- Attendance: 1000 (100.00%) -- Ticket Income $180,000
Game was played at the Maple Leafs Garden.
Total Attendance: 15166 (84.26%)
Total Ticket Income: $1,188,372
Other Income: $178,256
Total Income: $1,366,628

Capitals

5 vs 5 Forward 
   Center                   Left Wing                Right Wing               Time % Phy DF OF 
 1 Joe Thornton             Patrick Sharp            Joe Pavelski             40     1   2  2  
 2 Ryan Getzlaf             Thomas Vanek             Jason Pominville         30     1   2  2  
 3 Mikko Koivu              Patrick Marleau          Blake Wheeler            20     1   2  2  
 4 Ryan Nugent-Hopkins      Ondrej Palat             T.J. Oshie               10     1   2  2  

5 vs 5 Defense 
   Defense                  Defense                                           Time % Phy DF OF 
 1 Brent Seabrook           Victor Hedman                                     40     1   2  2  
 2 Justin Faulk             Shayne Gostisbehere                               30     1   2  2  
 3 Josh Manson              Olli Maatta                                       20     1   2  2  
 4 Brent Seabrook           Victor Hedman                                     10     1   2  2  

PowerPlay Forward 
   Center                   Left Wing                Right Wing               Time % Phy DF OF 
 1 Joe Thornton             Patrick Sharp            Joe Pavelski             60     1   2  2  
 2 Ryan Getzlaf             Thomas Vanek             Jason Pominville         40     1   2  2  

PowerPlay Defense
   Defense                  Defense                                           Time % Phy DF OF 
 1 Brent Seabrook           Victor Hedman                                     60     1   2  2  
 2 Justin Faulk             Shayne Gostisbehere                               40     1   2  2  

Penalty Kill 4 Players Forward 
   Center                   Wing                     Time % Phy DF OF 
 1 Joe Thornton             Joe Pavelski             60     1   2  2  
 2 Jason Pominville         Patrick Sharp            40     1   2  2  

Penalty Kill 4 Players Defense
   Defense                  Defense                  Time % Phy DF OF 
 1 Brent Seabrook           Victor Hedman            60     1   2  2  
 2 Justin Faulk             Shayne Gostisbehere      40     1   2  2  

Penalty Kill - 3 Players Forward 
   Forward                                           Time % Phy DF OF 
 1 Joe Thornton                                      60     1   2  2  
 2 Joe Pavelski                                      40     1   2  2  

Penalty Kill - 3 Players Defense
   Defense                  Defense                  Time % Phy DF OF 
 1 Brent Seabrook           Victor Hedman            60     1   2  2  
 2 Justin Faulk             Shayne Gostisbehere      40     1   2  2  

4 vs 4 Forward 
   Center                   Wing                     Time % Phy DF OF 
 1 Joe Thornton             Joe Pavelski             60     1   2  2  
 2 Jason Pominville         Patrick Sharp            40     1   2  2  

4 vs 4 Defense
   Defense                  Defense                  Time % Phy DF OF 
 1 Brent Seabrook           Victor Hedman            60     1   2  2  
 2 Justin Faulk             Shayne Gostisbehere      40     1   2  2  

Last Minutes Offensive
   Center                   Left Wing                Right Wing               Defense                  Defense                  
   Joe Thornton             Patrick Sharp            Joe Pavelski             Brent Seabrook           Victor Hedman            

Last Minutes Defensive
   Center                   Left Wing                Right Wing               Defense                  Defense                  
   Joe Thornton             Patrick Sharp            Joe Pavelski             Brent Seabrook           Victor Hedman            

Goaltenders
Starting : Tuukka Rask              
Backup : Mike Smith               

Extra Forwards
Normal : Blake Wheeler, Mikko Koivu, Patrick Marleau - PP : Blake Wheeler, Mikko Koivu - PK : Patrick Marleau
Extra Defensemen
Normal : Josh Manson, Olli Maatta, Justin Faulk - PP : Josh Manson - PK : Olli Maatta, Justin Faulk
Penalty Shots
Joe Thornton, Joe Pavelski, Jason Pominville, Patrick Sharp, Thomas Vanek

Scratches
Ryan Suter (Left Leg Injury), Michael Schumacher (Healthy)

Maple Leafs

5 vs 5 Forward 
   Center                   Left Wing                Right Wing               Time % Phy DF OF 
 1 Jordan Staal             Taylor Hall              Patrick Kane             40     1   1  3  
 2 Brayden Schenn           Fabian Brunnstrom        Ben Smith                30     1   2  2  
 3 Mark Scheifele           Alex Killorn             Beau Bennett             20     1   2  2  
 4 Nate Thompson            Eric Nystrom             Blake Comeau             10     1   3  1  

5 vs 5 Defense 
   Defense                  Defense                                           Time % Phy DF OF 
 1 Kevin Shattenkirk        John Klingberg                                    40     1   1  3  
 2 Braydon Coburn           Taylor Chorney                                    30     1   2  2  
 3 Marc-Édouard Vlasic      Ryan Parent                                       20     1   2  2  
 4 Kevin Shattenkirk        John Klingberg                                    10     1   1  3  

PowerPlay Forward 
   Center                   Left Wing                Right Wing               Time % Phy DF OF 
 1 Jordan Staal             Fabian Brunnstrom        Patrick Kane             60     0   1  4  
 2 Brayden Schenn           Eric Nystrom             Ben Smith                40     0   1  4  

PowerPlay Defense
   Defense                  Defense                                           Time % Phy DF OF 
 1 Kevin Shattenkirk        John Klingberg                                    60     0   1  4  
 2 Marc-Édouard Vlasic      Ryan Parent                                       40     0   1  4  

Penalty Kill 4 Players Forward 
   Center                   Wing                     Time % Phy DF OF 
 1 Brayden Schenn           Eric Nystrom             60     1   3  1  
 2 Jordan Staal             Ben Smith                40     1   3  1  

Penalty Kill 4 Players Defense
   Defense                  Defense                  Time % Phy DF OF 
 1 Braydon Coburn           Taylor Chorney           60     1   3  1  
 2 Ryan Parent              Kevin Shattenkirk        40     1   3  1  

Penalty Kill - 3 Players Forward 
   Forward                                           Time % Phy DF OF 
 1 Brayden Schenn                                    60     1   4  0  
 2 Jordan Staal                                      40     1   4  0  

Penalty Kill - 3 Players Defense
   Defense                  Defense                  Time % Phy DF OF 
 1 Braydon Coburn           Taylor Chorney           60     1   4  0  
 2 Ryan Parent              Kevin Shattenkirk        40     1   4  0  

4 vs 4 Forward 
   Center                   Wing                     Time % Phy DF OF 
 1 Jordan Staal             Patrick Kane             60     1   2  2  
 2 Brayden Schenn           Ben Smith                40     1   2  2  

4 vs 4 Defense
   Defense                  Defense                  Time % Phy DF OF 
 1 Kevin Shattenkirk        Braydon Coburn           60     1   2  2  
 2 John Klingberg           Marc-Édouard Vlasic      40     1   2  2  

Last Minutes Offensive
   Center                   Left Wing                Right Wing               Defense                  Defense                  
   Jordan Staal             Taylor Hall              Patrick Kane             Kevin Shattenkirk        John Klingberg           

Last Minutes Defensive
   Center                   Left Wing                Right Wing               Defense                  Defense                  
   Jordan Staal             Eric Nystrom             Patrick Kane             Braydon Coburn           Taylor Chorney           

Goaltenders
Starting : Marc-André Fleury        
Backup : Tyler Weiman             

Extra Forwards
Normal : Jordan Staal, Mark Scheifele, Patrick Kane - PP : Brayden Schenn, Ben Smith - PK : Ben Smith
Extra Defensemen
Normal : John Klingberg, Marc-Édouard Vlasic, Kevin Shattenkirk - PP : Marc-Édouard Vlasic - PK : Ryan Parent, Kevin Shattenkirk
Penalty Shots
Patrick Kane, Mark Scheifele, Taylor Hall, Jordan Staal, Fabian Brunnstrom

Scratches
None


% Time on Ice - Capitals

Lines # - Real PCT - Wanted PCT - Time Play
Normal Forward
1 - 36% - 40% - 15:22
2 - 28% - 30% - 11:47
3 - 19% - 20% - 8:04
4 - 17% - 10% - 7:13
Normal Defense
1 - 42% - 40% - 17:56
2 - 31% - 30% - 13:18
3 - 24% - 20% - 10:00
4 - 3% - 10% - 1:12
PP Forward
1 - 59% - 60% - 5:19
2 - 41% - 40% - 3:45
PP Defense
1 - 59% - 60% - 5:20
2 - 41% - 40% - 3:44
PK Forward
1 - 76% - 60% - 5:18
2 - 24% - 40% - 1:43
PK Defense
1 - 57% - 60% - 3:58
2 - 43% - 40% - 3:03
PK3 Forward
1 - 0% - 60%
2 - 0% - 40%
PK3 Defense
1 - 0% - 60%
2 - 0% - 40%
44 Forward
1 - 68% - 60% - 4:25
2 - 32% - 40% - 2:04
44 Defense
1 - 64% - 60% - 4:09
2 - 36% - 40% - 2:20
Last Minute Offensive  - 0:00
Last Minute Defensive  - 0:00
Total
Forward - 65:00
Defense - 65:00

% Time on Ice - Maple Leafs

Lines # - Real PCT - Wanted PCT - Time Play
Normal Forward
1 - 34% - 40% - 14:27
2 - 26% - 30% - 11:09
3 - 25% - 20% - 10:25
4 - 15% - 10% - 6:25
Normal Defense
1 - 43% - 40% - 18:06
2 - 31% - 30% - 13:03
3 - 24% - 20% - 10:18
4 - 2% - 10% - 0:59
PP Forward
1 - 54% - 60% - 3:48
2 - 46% - 40% - 3:13
PP Defense
1 - 55% - 60% - 3:50
2 - 45% - 40% - 3:11
PK Forward
1 - 72% - 60% - 6:09
2 - 28% - 40% - 2:26
PK Defense
1 - 71% - 60% - 6:05
2 - 29% - 40% - 2:30
PK3 Forward
1 - 100% - 60% - 0:29
2 - 0% - 40% - 0:00
PK3 Defense
1 - 100% - 60% - 0:29
2 - 0% - 40% - 0:00
44 Forward
1 - 79% - 60% - 5:07
2 - 21% - 40% - 1:22
44 Defense
1 - 56% - 60% - 3:37
2 - 44% - 40% - 2:52
Last Minute Offensive  - 0:00
Last Minute Defensive  - 0:00
Total
Forward - 65:00
Defense - 65:00

Play-by-Play

1st period


0:01 of 1st period - Joe Thornton wins face-off versus Jordan Staal in neutral zone.
0:08 of 1st period - Wrist shot by Joe Thornton.
0:08 of 1st period - Stopped by Marc-André Fleury with a rebound.
0:27 of 1st period - Ben Smith is hit by Jason Pominville and loses puck.
1:31 of 1st period - Shayne Gostisbehere is hit by Fabian Brunnstrom.
2:03 of 1st period - Wrist shot by Joe Pavelski.
2:03 of 1st period - Stopped by Marc-André Fleury without a rebound.
2:04 of 1st period - Jordan Staal wins face-off versus Ryan Getzlaf in Maple Leafs zone.
2:04 of 1st period - Jordan Staal is hit by Josh Manson.
3:28 of 1st period - Icing by Olli Maatta.
3:29 of 1st period - Ryan Getzlaf wins face-off versus Jordan Staal in Capitals zone.
3:29 of 1st period - Ryan Getzlaf is hit by John Klingberg.
3:54 of 1st period - Victor Hedman is hit by Brayden Schenn and loses puck.
4:17 of 1st period - Eric Nystrom is hit by Mikko Koivu and loses puck.
4:57 of 1st period - Snap shot by Patrick Kane.
4:57 of 1st period - Stopped by Tuukka Rask with a rebound.
5:03 of 1st period - Snap shot by Jordan Staal.
5:03 of 1st period - Shot Blocked by Victor Hedman.
5:05 of 1st period - Snap shot by Taylor Hall.
5:05 of 1st period - Stopped by Tuukka Rask with a rebound.
6:05 of 1st period - Snap shot by Brent Seabrook.
6:05 of 1st period - Deflect By Ryan Getzlaf.
6:05 of 1st period - Shot Blocked by John Klingberg.
6:05 of 1st period - Puck is out of play.
6:06 of 1st period - Jordan Staal wins face-off versus Ryan Getzlaf in Maple Leafs zone.
6:45 of 1st period - Slapshot by Brayden Schenn.
6:45 of 1st period - Stopped by Tuukka Rask with a rebound.
7:43 of 1st period - Snap shot by Taylor Hall.
7:43 of 1st period - Stopped by Tuukka Rask with a rebound.
8:13 of 1st period - Snap shot by Fabian Brunnstrom.
8:13 of 1st period - Stopped by Tuukka Rask with a rebound.
8:45 of 1st period - Icing by Brent Seabrook.
8:46 of 1st period - Brayden Schenn wins face-off versus Ryan Getzlaf in Capitals zone.
9:17 of 1st period - Snap shot by Jason Pominville.
9:17 of 1st period - Stopped by Marc-André Fleury with a rebound.
9:19 of 1st period - Snap shot by Thomas Vanek.
9:19 of 1st period - Stopped by Marc-André Fleury with a rebound.
9:21 of 1st period - Slapshot by Brent Seabrook.
9:21 of 1st period - Shot Blocked by Kevin Shattenkirk.
9:23 of 1st period - Slapshot by Victor Hedman.
9:23 of 1st period - Stopped by Marc-André Fleury without a rebound.
9:24 of 1st period - Jordan Staal wins face-off versus Joe Thornton in Maple Leafs zone.
9:47 of 1st period - Minor Penalty to Joe Thornton for High sticking.
9:48 of 1st period - Patrick Marleau wins face-off versus Jordan Staal in Capitals zone.
10:01 of 1st period - Snap shot by Patrick Marleau.
10:01 of 1st period - Shot Blocked by Jordan Staal.
11:47 of 1st period - Penalty to Joe Thornton is over, Joe Thornton is back on ice.
12:54 of 1st period - Ondrej Palat is hit by Beau Bennett and loses puck.
13:07 of 1st period - Snap shot by Blake Wheeler.
13:07 of 1st period - Stopped by Marc-André Fleury without a rebound.
13:08 of 1st period - Mikko Koivu wins face-off versus Brayden Schenn in Maple Leafs zone.
13:13 of 1st period - Wrist shot by Patrick Marleau.
13:13 of 1st period - Stopped by Marc-André Fleury with a rebound.
13:15 of 1st period - Slapshot by Brent Seabrook.
13:15 of 1st period - Deflect By Ryan Parent.
13:15 of 1st period - Stopped by Marc-André Fleury without a rebound.
13:16 of 1st period - Joe Thornton wins face-off versus Jordan Staal in Maple Leafs zone.
13:19 of 1st period - Snap shot by Joe Thornton.
13:19 of 1st period - Stopped by Marc-André Fleury with a rebound.
13:27 of 1st period - Minor Penalty to Joe Thornton for Interference.
13:28 of 1st period - Jordan Staal wins face-off versus Patrick Marleau in Capitals zone.
14:23 of 1st period - Ben Smith is hit by Joe Pavelski and loses puck.
14:42 of 1st period - Jordan Staal is hit by Ryan Nugent-Hopkins and loses puck.
15:12 of 1st period - Brayden Schenn is hit by Josh Manson and loses puck.
15:27 of 1st period - Penalty to Joe Thornton is over, Joe Thornton is back on ice.
15:34 of 1st period - Icing by Ondrej Palat.
15:35 of 1st period - Patrick Marleau wins face-off versus Mark Scheifele in Capitals zone.
16:04 of 1st period - Slapshot by Patrick Marleau.
16:04 of 1st period - Stopped by Marc-André Fleury without a rebound.
16:05 of 1st period - Nate Thompson wins face-off versus Mikko Koivu in Maple Leafs zone.
17:00 of 1st period - Off-side.
17:01 of 1st period - Brayden Schenn wins face-off versus Joe Thornton in neutral zone.
17:24 of 1st period - Slapshot by Patrick Sharp.
17:24 of 1st period - Stopped by Marc-André Fleury with a rebound.
17:26 of 1st period - Snap shot by Joe Thornton.
17:26 of 1st period - Stopped by Marc-André Fleury with a rebound.
17:28 of 1st period - Slapshot by Justin Faulk.
17:28 of 1st period - Shot Blocked by Ryan Parent.
17:30 of 1st period - Snap shot by Patrick Sharp.
17:30 of 1st period - Stopped by Marc-André Fleury with a rebound.
17:46 of 1st period - Backhand shot by Joe Pavelski.
17:46 of 1st period - Stopped by Marc-André Fleury without a rebound.
17:47 of 1st period - Jordan Staal wins face-off versus Ryan Getzlaf in Maple Leafs zone.
17:47 of 1st period - Jordan Staal is hit by Jason Pominville.
17:58 of 1st period - Icing by Jason Pominville.
17:59 of 1st period - Jordan Staal wins face-off versus Ryan Getzlaf in Capitals zone.
18:02 of 1st period - Wrist shot by Taylor Hall.
18:02 of 1st period - Stopped by Tuukka Rask with a rebound.
18:10 of 1st period - Snap shot by Thomas Vanek.
18:10 of 1st period - Stopped by Marc-André Fleury with a rebound.
18:12 of 1st period - Wrist shot by Thomas Vanek.
18:12 of 1st period - Stopped by Marc-André Fleury without a rebound.
18:13 of 1st period - Jordan Staal wins face-off versus Joe Thornton in Maple Leafs zone.
18:28 of 1st period - Jordan Staal is hit by Joe Pavelski and loses puck.
19:21 of 1st period - Braydon Coburn is hit by Ondrej Palat and loses puck.
Goals for this period are 0 for Capitals vs 0 for Maple Leafs.
Shots for this period are 16 for Capitals vs 6 for Maple Leafs.

2nd period


0:01 of 2nd period - Joe Thornton wins face-off versus Jordan Staal in neutral zone.
0:16 of 2nd period - Wrist shot by Joe Pavelski.
0:16 of 2nd period - Shot Misses the Net.
0:35 of 2nd period - Wrist shot by Patrick Marleau.
0:35 of 2nd period - Deflect By Mikko Koivu.
0:35 of 2nd period - Stopped by Marc-André Fleury without a rebound.
0:36 of 2nd period - Joe Thornton wins face-off versus Brayden Schenn in Maple Leafs zone.
0:37 of 2nd period - Snap shot by Joe Pavelski.
0:37 of 2nd period - Shot Blocked by Braydon Coburn.
0:45 of 2nd period - Wrist shot by Joe Pavelski.
0:45 of 2nd period - Shot Blocked by Taylor Chorney.
1:26 of 2nd period - Slapshot by Kevin Shattenkirk.
1:26 of 2nd period - Shot Blocked by Patrick Marleau.
1:42 of 2nd period - Patrick Kane is hit by Ondrej Palat and loses puck.
1:51 of 2nd period - Snap shot by Taylor Hall.
1:51 of 2nd period - Deflect By Victor Hedman.
1:51 of 2nd period - Stopped by Tuukka Rask without a rebound.
1:52 of 2nd period - Jordan Staal wins face-off versus Joe Thornton in Capitals zone.
2:08 of 2nd period - Snap shot by Taylor Hall.
2:08 of 2nd period - Stopped by Tuukka Rask without a rebound.
2:09 of 2nd period - Brayden Schenn wins face-off versus Ryan Getzlaf in Capitals zone.
2:10 of 2nd period - Snap shot by Kevin Shattenkirk.
2:10 of 2nd period - Stopped by Tuukka Rask without a rebound.
2:11 of 2nd period - Thomas Vanek wins face-off versus Brayden Schenn in Capitals zone.
2:13 of 2nd period - Minor Penalty to Ryan Getzlaf for Interference.
2:14 of 2nd period - Jordan Staal wins face-off versus Joe Thornton in Capitals zone.
2:49 of 2nd period - Slapshot by Kevin Shattenkirk.
2:49 of 2nd period - Deflect By Ben Smith.
2:49 of 2nd period - Stopped by Tuukka Rask with a rebound.
4:13 of 2nd period - Penalty to Ryan Getzlaf is over, Ryan Getzlaf is back on ice.
4:18 of 2nd period - Snap shot by Alex Killorn.
4:18 of 2nd period - Stopped by Tuukka Rask with a rebound.
4:38 of 2nd period - Brent Seabrook is hit by Eric Nystrom and loses puck.
4:50 of 2nd period - Off-side.
4:51 of 2nd period - Ryan Nugent-Hopkins wins face-off versus Taylor Hall in neutral zone.
4:54 of 2nd period - Snap shot by Ondrej Palat.
4:54 of 2nd period - Deflect By T.J. Oshie.
4:54 of 2nd period - Stopped by Marc-André Fleury with a rebound.
5:14 of 2nd period - Slapshot by Ryan Parent.
5:14 of 2nd period - Shot Misses the Net.
5:52 of 2nd period - Slapshot by Kevin Shattenkirk.
5:52 of 2nd period - Shot Misses the Net.
5:54 of 2nd period - Snap shot by Eric Nystrom.
5:54 of 2nd period - Deflect By Shayne Gostisbehere.
5:54 of 2nd period - Shot Misses the Net.
5:54 of 2nd period - Puck is out of play.
5:55 of 2nd period - Blake Wheeler wins face-off versus Jordan Staal in Capitals zone.
6:19 of 2nd period - Slapshot by Patrick Sharp.
6:19 of 2nd period - Shot Misses the Net.
6:32 of 2nd period - Fabian Brunnstrom is hit by Blake Wheeler and loses puck.
7:18 of 2nd period - Snap shot by T.J. Oshie.
7:18 of 2nd period - Stopped by Marc-André Fleury without a rebound.
7:19 of 2nd period - Ryan Getzlaf wins face-off versus Fabian Brunnstrom in Maple Leafs zone.
7:42 of 2nd period - Slapshot by Patrick Kane.
7:42 of 2nd period - Shot Blocked by Justin Faulk.
8:06 of 2nd period - Snap shot by Mark Scheifele.
8:06 of 2nd period - Stopped by Tuukka Rask without a rebound.
8:07 of 2nd period - Patrick Sharp wins face-off versus Mark Scheifele in Capitals zone.
8:30 of 2nd period - Taylor Chorney is hit by Josh Manson and loses puck.
8:45 of 2nd period - Snap shot by Joe Thornton.
8:45 of 2nd period - Shot Misses the Net.
8:47 of 2nd period - Wrist shot by Joe Pavelski.
8:47 of 2nd period - Shot Blocked by Beau Bennett.
8:49 of 2nd period - Wrist shot by Joe Thornton.
8:49 of 2nd period - Stopped by Marc-André Fleury with a rebound.
8:51 of 2nd period - Backhand shot by Patrick Sharp.
8:51 of 2nd period - Shot Blocked by Kevin Shattenkirk.
9:21 of 2nd period - Snap shot by Joe Thornton.
9:21 of 2nd period - Goal by Joe Thornton - Capitals : 1 - Maple Leafs : 0.
9:22 of 2nd period - Jordan Staal wins face-off versus Ryan Getzlaf in neutral zone.
9:47 of 2nd period - Braydon Coburn is hit by Ryan Nugent-Hopkins and loses puck.
10:14 of 2nd period - Slapshot by Brayden Schenn.
10:14 of 2nd period - Shot Misses the Net.
10:16 of 2nd period - Slapshot by Ryan Parent.
10:16 of 2nd period - Shot Misses the Net.
10:18 of 2nd period - Slapshot by Brayden Schenn.
10:18 of 2nd period - Deflect By Fabian Brunnstrom.
10:18 of 2nd period - Shot Blocked by Blake Wheeler.
10:18 of 2nd period - Puck is out of play.
10:19 of 2nd period - Ryan Getzlaf wins face-off versus Brayden Schenn in Capitals zone.
10:32 of 2nd period - Snap shot by Ryan Getzlaf.
10:32 of 2nd period - Shot Misses the Net.
10:46 of 2nd period - Marc-Édouard Vlasic is hit by Blake Wheeler and loses puck.
10:51 of 2nd period - Wrist shot by Blake Wheeler.
10:51 of 2nd period - Stopped by Marc-André Fleury with a rebound.
11:09 of 2nd period - Snap shot by Joe Thornton.
11:09 of 2nd period - Stopped by Marc-André Fleury without a rebound.
11:10 of 2nd period - Blake Comeau wins face-off versus Joe Thornton in Maple Leafs zone.
11:15 of 2nd period - Eric Nystrom is hit by Joe Pavelski and loses puck.
11:22 of 2nd period - Wrist shot by Joe Pavelski.
11:22 of 2nd period - Stopped by Marc-André Fleury without a rebound.
11:23 of 2nd period - Jordan Staal wins face-off versus Joe Thornton in Maple Leafs zone.
11:38 of 2nd period - Wrist shot by Patrick Kane.
11:38 of 2nd period - Shot Blocked by Victor Hedman.
11:40 of 2nd period - Snap shot by Patrick Kane.
11:40 of 2nd period - Goal by Patrick Kane - Capitals : 1 - Maple Leafs : 1.
11:41 of 2nd period - Joe Thornton wins face-off versus Taylor Hall in neutral zone.
11:44 of 2nd period - Jordan Staal is hit by Joe Thornton and loses puck.
11:54 of 2nd period - Wrist shot by Taylor Hall.
11:54 of 2nd period - Shot Hit the Post.
11:56 of 2nd period - Snap shot by Jordan Staal.
11:56 of 2nd period - Stopped by Tuukka Rask without a rebound.
11:57 of 2nd period - Ryan Getzlaf wins face-off versus Brayden Schenn in Capitals zone.
11:57 of 2nd period - Victor Hedman is hit by Fabian Brunnstrom and loses puck.
12:10 of 2nd period - Wrist shot by Brayden Schenn.
12:10 of 2nd period - Stopped by Tuukka Rask without a rebound.
12:11 of 2nd period - Joe Thornton wins face-off versus Jordan Staal in Capitals zone.
12:36 of 2nd period - Double Minor Penalty to Taylor Hall for Roughing.
12:37 of 2nd period - Brayden Schenn wins face-off versus Joe Thornton in Maple Leafs zone.
12:37 of 2nd period - Brayden Schenn is hit by Brent Seabrook.
12:53 of 2nd period - Wrist shot by Joe Thornton.
12:53 of 2nd period - Shot Misses the Net.
13:43 of 2nd period - Wrist shot by Joe Thornton.
13:43 of 2nd period - Goal by Joe Thornton - Capitals : 2 - Maple Leafs : 1.
13:44 of 2nd period - Jordan Staal wins face-off versus Ryan Getzlaf in neutral zone.
13:47 of 2nd period - Slapshot by Kevin Shattenkirk.
13:47 of 2nd period - Deflect By Ben Smith.
13:47 of 2nd period - Deflect By Shayne Gostisbehere.
13:47 of 2nd period - Shot Hit the Post.
13:47 of 2nd period - Puck is out of play.
13:48 of 2nd period - Ryan Getzlaf wins face-off versus Jordan Staal in Capitals zone.
15:43 of 2nd period - Penalty to Taylor Hall is over, Taylor Hall is back on ice.
16:01 of 2nd period - Shayne Gostisbehere is hit by Taylor Chorney.
16:11 of 2nd period - Slapshot by Taylor Chorney.
16:11 of 2nd period - Stopped by Tuukka Rask without a rebound.
16:12 of 2nd period - Mark Scheifele wins face-off versus Mikko Koivu in Capitals zone.
16:45 of 2nd period - Wrist shot by Ryan Getzlaf.
16:45 of 2nd period - Deflect By Jason Pominville.
16:45 of 2nd period - Stopped by Marc-André Fleury with a rebound.
17:19 of 2nd period - John Klingberg is hit by Ondrej Palat and loses puck.
18:27 of 2nd period - Off-side.
18:28 of 2nd period - Ryan Getzlaf wins face-off versus Jordan Staal in neutral zone.
18:55 of 2nd period - Slapshot by Kevin Shattenkirk.
18:55 of 2nd period - Stopped by Tuukka Rask with a rebound.
19:53 of 2nd period - Ben Smith is hit by Ondrej Palat and loses puck.
Goals for this period are 2 for Capitals vs 1 for Maple Leafs.
Shots for this period are 10 for Capitals vs 11 for Maple Leafs.

3rd period


0:01 of 3rd period - Jordan Staal wins face-off versus Joe Thornton in neutral zone.
0:14 of 3rd period - Wrist shot by Joe Pavelski.
0:14 of 3rd period - Stopped by Marc-André Fleury without a rebound.
0:15 of 3rd period - Ryan Getzlaf wins face-off versus Brayden Schenn in Maple Leafs zone.
0:18 of 3rd period - Snap shot by Thomas Vanek.
0:18 of 3rd period - Shot Misses the Net.
0:20 of 3rd period - Minor Penalty to Ben Smith for Holding.
0:21 of 3rd period - Brayden Schenn wins face-off versus Joe Thornton in Maple Leafs zone.
0:34 of 3rd period - Snap shot by Brayden Schenn.
0:34 of 3rd period - Shot Misses the Net.
1:17 of 3rd period - Thomas Vanek is hit by Fabian Brunnstrom and loses puck.
1:18 of 3rd period - Thomas Vanek from Capitals is injured at 1:18 of 3rd period (Lacerated Right Calf).
1:19 of 3rd period - Brayden Schenn wins face-off versus Joe Thornton in Capitals zone.
1:52 of 3rd period - Jordan Staal is hit by Brent Seabrook and loses puck.
2:20 of 3rd period - Penalty to Ben Smith is over, Ben Smith is back on ice.
2:37 of 3rd period - Wrist shot by Beau Bennett.
2:37 of 3rd period - Stopped by Tuukka Rask without a rebound.
2:38 of 3rd period - Jordan Staal wins face-off versus Mikko Koivu in Capitals zone.
4:29 of 3rd period - Wrist shot by Jordan Staal.
4:29 of 3rd period - Shot Misses the Net.
4:45 of 3rd period - Snap shot by Jason Pominville.
4:45 of 3rd period - Deflect By Ryan Getzlaf.
4:45 of 3rd period - Shot Blocked by Braydon Coburn.
4:45 of 3rd period - Puck is out of play.
4:46 of 3rd period - Joe Thornton wins face-off versus Brayden Schenn in Maple Leafs zone.
4:49 of 3rd period - Wrist shot by Joe Pavelski.
4:49 of 3rd period - Stopped by Marc-André Fleury without a rebound.
4:50 of 3rd period - Brayden Schenn wins face-off versus Joe Thornton in Maple Leafs zone.
5:00 of 3rd period - Minor Penalty to Ben Smith for Tripping.
5:01 of 3rd period - Brayden Schenn wins face-off versus Joe Pavelski in Maple Leafs zone.
5:30 of 3rd period - Minor Penalty to Jason Pominville for Interference.
5:31 of 3rd period - Jordan Staal wins face-off versus Joe Pavelski in Capitals zone.
5:42 of 3rd period - Slapshot by Patrick Kane.
5:42 of 3rd period - Stopped by Tuukka Rask with a rebound.
5:44 of 3rd period - Slapshot by Braydon Coburn.
5:44 of 3rd period - Stopped by Tuukka Rask with a rebound.
5:48 of 3rd period - Wrist shot by Jordan Staal.
5:48 of 3rd period - Shot Misses the Net.
6:14 of 3rd period - Wrist shot by Patrick Sharp.
6:14 of 3rd period - Shot Misses the Net.
6:50 of 3rd period - Patrick Marleau is hit by Mark Scheifele.
7:00 of 3rd period - Penalty to Ben Smith is over, Ben Smith is back on ice.
7:30 of 3rd period - Penalty to Jason Pominville is over, Jason Pominville is back on ice.
7:44 of 3rd period - Slapshot by Justin Faulk.
7:44 of 3rd period - Stopped by Marc-André Fleury without a rebound.
7:45 of 3rd period - Ryan Nugent-Hopkins wins face-off versus Nate Thompson in Maple Leafs zone.
8:05 of 3rd period - Minor Penalty to Josh Manson for Cross-checking.
8:06 of 3rd period - Jordan Staal wins face-off versus Joe Thornton in Capitals zone.
8:39 of 3rd period - Snap shot by Kevin Shattenkirk.
8:39 of 3rd period - Goal by Kevin Shattenkirk - Capitals : 2 - Maple Leafs : 2.
8:40 of 3rd period - Jordan Staal wins face-off versus Ryan Getzlaf in neutral zone.
8:45 of 3rd period - Wrist shot by Jordan Staal.
8:45 of 3rd period - Stopped by Tuukka Rask without a rebound.
8:46 of 3rd period - Jordan Staal wins face-off versus Ryan Getzlaf in Capitals zone.
8:59 of 3rd period - Snap shot by Taylor Hall.
8:59 of 3rd period - Stopped by Tuukka Rask with a rebound.
9:01 of 3rd period - Snap shot by Taylor Hall.
9:01 of 3rd period - Shot Blocked by Victor Hedman.
9:03 of 3rd period - Snap shot by John Klingberg.
9:03 of 3rd period - Stopped by Tuukka Rask with a rebound.
9:13 of 3rd period - Snap shot by Ryan Getzlaf.
9:13 of 3rd period - Stopped by Marc-André Fleury with a rebound.
9:56 of 3rd period - Minor Penalty to Beau Bennett for Hooking.
9:57 of 3rd period - Joe Thornton wins face-off versus Eric Nystrom in Maple Leafs zone.
10:02 of 3rd period - Snap shot by Joe Thornton.
10:02 of 3rd period - Stopped by Marc-André Fleury without a rebound.
10:03 of 3rd period - Brayden Schenn wins face-off versus Joe Thornton in Maple Leafs zone.
10:18 of 3rd period - Wrist shot by Joe Pavelski.
10:18 of 3rd period - Shot Misses the Net.
11:26 of 3rd period - Minor Penalty to Braydon Coburn for Hooking.
11:27 of 3rd period - Brayden Schenn wins face-off versus Joe Thornton in Maple Leafs zone.
11:56 of 3rd period - Penalty to Beau Bennett is over, Beau Bennett is back on ice.
11:59 of 3rd period - Victor Hedman is hit by Beau Bennett and loses puck.
12:37 of 3rd period - Jason Pominville is hit by Ryan Parent and loses puck.
12:51 of 3rd period - Icing by Victor Hedman.
12:52 of 3rd period - Ryan Getzlaf wins face-off versus Ben Smith in Capitals zone.
13:26 of 3rd period - Penalty to Braydon Coburn is over, Braydon Coburn is back on ice.
13:43 of 3rd period - Snap shot by Ben Smith.
13:43 of 3rd period - Stopped by Tuukka Rask without a rebound.
13:44 of 3rd period - Alex Killorn wins face-off versus Ryan Nugent-Hopkins in Capitals zone.
14:13 of 3rd period - Snap shot by Patrick Sharp.
14:13 of 3rd period - Stopped by Marc-André Fleury without a rebound.
14:14 of 3rd period - Nate Thompson wins face-off versus Joe Thornton in Maple Leafs zone.
14:14 of 3rd period - Nate Thompson is hit by Patrick Sharp.
14:44 of 3rd period - Off-side.
14:45 of 3rd period - Blake Wheeler wins face-off versus Patrick Kane in neutral zone.
15:16 of 3rd period - Snap shot by Jordan Staal.
15:16 of 3rd period - Shot Misses the Net.
17:10 of 3rd period - Slapshot by Ryan Parent.
17:10 of 3rd period - Shot Blocked by Victor Hedman.
17:33 of 3rd period - Slapshot by Ryan Parent.
17:33 of 3rd period - Stopped by Tuukka Rask without a rebound.
17:34 of 3rd period - Joe Thornton wins face-off versus Mark Scheifele in Capitals zone.
17:55 of 3rd period - Joe Pavelski is hit by Alex Killorn and loses puck.
18:08 of 3rd period - Snap shot by Joe Pavelski.
18:08 of 3rd period - Deflect By Joe Thornton.
18:08 of 3rd period - Shot Misses the Net.
18:08 of 3rd period - Puck is out of play.
18:09 of 3rd period - Jordan Staal wins face-off versus Mikko Koivu in Maple Leafs zone.
18:38 of 3rd period - Wrist shot by Jason Pominville.
18:38 of 3rd period - Shot Misses the Net.
18:40 of 3rd period - Slapshot by Shayne Gostisbehere.
18:40 of 3rd period - Shot Misses the Net.
18:42 of 3rd period - Snap shot by Ryan Getzlaf.
18:42 of 3rd period - Stopped by Marc-André Fleury with a rebound.
18:44 of 3rd period - Snap shot by Ondrej Palat.
18:44 of 3rd period - Stopped by Marc-André Fleury without a rebound.
18:45 of 3rd period - Mikko Koivu wins face-off versus Mark Scheifele in Maple Leafs zone.
19:10 of 3rd period - Shayne Gostisbehere is hit by Eric Nystrom and loses puck.
Goals for this period are 0 for Capitals vs 1 for Maple Leafs.
Shots for this period are 8 for Capitals vs 9 for Maple Leafs.

Overtime #1


0:01 of 1st overtime period - Joe Thornton wins face-off versus Jordan Staal in neutral zone.
1:58 of 1st overtime period - Olli Maatta is hit by Kevin Shattenkirk and loses puck.
2:15 of 1st overtime period - Mark Scheifele is hit by Joe Thornton.
2:31 of 1st overtime period - Jordan Staal is hit by Victor Hedman and loses puck.
2:52 of 1st overtime period - Slapshot by Ben Smith.
2:52 of 1st overtime period - Shot Blocked by Joe Thornton.
3:50 of 1st overtime period - Mark Scheifele is hit by Josh Manson and loses puck.
4:17 of 1st overtime period - Wrist shot by Patrick Sharp.
4:17 of 1st overtime period - Shot Misses the Net.
4:19 of 1st overtime period - Snap shot by Josh Manson.
4:19 of 1st overtime period - Shot Misses the Net.
4:29 of 1st overtime period - Wrist shot by Patrick Kane.
4:29 of 1st overtime period - Stopped by Tuukka Rask without a rebound.
4:30 of 1st overtime period - Joe Thornton wins face-off versus Brayden Schenn in Capitals zone.
4:36 of 1st overtime period - Ben Smith is hit by Justin Faulk and loses puck.
4:47 of 1st overtime period - Patrick Sharp is hit by Mark Scheifele and loses puck.
Goals for this period are 0 for Capitals vs 0 for Maple Leafs.
Shots for this period are 0 for Capitals vs 1 for Maple Leafs.

ShootOut


5:00 of 1st overtime period - Round #1.
5:00 of 1st overtime period - Capitals, Joe Thornton.
5:00 of 1st overtime period - Deke by Joe Thornton.
5:00 of 1st overtime period - Stopped by Marc-André Fleury.
5:00 of 1st overtime period - Maple Leafs, Patrick Kane.
5:00 of 1st overtime period - Deke by Patrick Kane.
5:00 of 1st overtime period - Stopped by Tuukka Rask.
5:00 of 1st overtime period - Round #2.
5:00 of 1st overtime period - Capitals, Joe Pavelski.
5:00 of 1st overtime period - Wrist shot by Joe Pavelski.
5:00 of 1st overtime period - Stopped by Marc-André Fleury.
5:00 of 1st overtime period - Maple Leafs, Mark Scheifele.
5:00 of 1st overtime period - Snap shot by Mark Scheifele.
5:00 of 1st overtime period - Stopped by Tuukka Rask.
5:00 of 1st overtime period - Round #3.
5:00 of 1st overtime period - Capitals, Jason Pominville.
5:00 of 1st overtime period - Wrist shot by Jason Pominville.
5:00 of 1st overtime period - Stopped by Marc-André Fleury.
5:00 of 1st overtime period - Maple Leafs, Taylor Hall.
5:00 of 1st overtime period - Snap shot by Taylor Hall.
5:00 of 1st overtime period - Shot Misses the Net.
5:00 of 1st overtime period - Round #4.
5:00 of 1st overtime period - Capitals, Patrick Sharp.
5:00 of 1st overtime period - Snap shot by Patrick Sharp.
5:00 of 1st overtime period - Stopped by Marc-André Fleury.
5:00 of 1st overtime period - Maple Leafs, Jordan Staal.
5:00 of 1st overtime period - Snap shot by Jordan Staal.
5:00 of 1st overtime period - Stopped by Tuukka Rask.
5:00 of 1st overtime period - Round #5.
5:00 of 1st overtime period - Capitals, Mikko Koivu.
5:00 of 1st overtime period - Wrist shot by Mikko Koivu.
5:00 of 1st overtime period - Shot Misses the Net.
5:00 of 1st overtime period - Maple Leafs, Fabian Brunnstrom.
5:00 of 1st overtime period - Snap shot by Fabian Brunnstrom.
5:00 of 1st overtime period - Stopped by Tuukka Rask.
5:00 of 1st overtime period - Round #6.
5:00 of 1st overtime period - Capitals, Patrick Marleau.
5:00 of 1st overtime period - Wrist shot by Patrick Marleau.
5:00 of 1st overtime period - Stopped by Marc-André Fleury.
5:00 of 1st overtime period - Maple Leafs, Blake Comeau.
5:00 of 1st overtime period - Deke by Blake Comeau.
5:00 of 1st overtime period - Goal by Blake Comeau.